Map: Interloper LE

Players

BlackMan

  • Race: Terran Terran
  • League: Grandmaster
  • Spawn Location: 5:00

PureLegacy - Winner!

  • Race: Terran Terran
  • League: Grandmaster
  • Spawn Location: 11:00

VOD

Have the link to the VOD?

Description

Time

  • Played on: Oct. 19, 2017, 1:51 p.m.
  • Length: 12:37
Show
View Real Time Build Order
Export as new Build Order

BlackMan Terran 

Build Orders: Liberator Opening 

Get SALT Encoding   

  12  0:01  SCV  
  13  0:13  SCV  
  14  0:18  Supply Depot  
  14  0:25  SCV  
  15  0:40  SCV, Barracks  
  16  0:45  Refinery  
  16  0:52  SCV  
  17  1:04  SCV  
  18  1:16  SCV  
  19  1:28  Orbital Command  
  19  1:29  Barracks Reactor  
  19  1:48  Command Center  
  19  1:56  SCV  
  19  1:59  Supply Depot  
  19  2:10  Factory  
  19  2:13  Marine x2  
  21  2:16  SCV  
  21  2:21  Refinery  
  22  2:27  Bunker  
  22  2:30  SCV  
  22  2:36  Marine x2  
  25  2:43  SCV  
  26  2:54  Widow Mine  
  26  2:55  Starport  
  28  3:04  Orbital Command  
  28  3:10  Marine  
  29  3:14  SCV  
  27  3:27  Liberator  
  27  3:29  SCV x2  
  28  3:36  Marine x2  
  28  3:37  Cyclone  
  33  3:54  Marine x2, SCV x2  
  32  4:06  SCV x2  
  33  4:16  Marine x2  
  36  4:22  SCV  
  37  4:38  Viking  
  36  4:41  Supply Depot  
  36  4:49  SCV x2  
  38  4:55  Factory Tech Lab  
  38  5:02  Marine x2  
  38  5:06  Supply Depot  
  40  5:13  SCV x2  
  40  5:16  Siege Tank  
  41  5:25  SCV  
  41  5:26  SCV  
  34  5:39  Marine x2, SCV x2  
  34  5:50  Siege Tank  
  34  5:52  SCV x2  
  36  6:01  Marine x2  
  38  6:09  Viking  
  40  6:12  SCV  
  40  6:13  SCV  
  42  6:19  Marine x2  
  42  6:22  Siege Tank  
  42  6:24  SCV  
  42  6:25  SCV  
  49  6:32  Supply Depot  
  49  6:37  Marine x2  
  49  6:39  Viking  
  53  6:40  SCV  
  53  6:45  Supply Depot  
  54  6:54  SCV  
  55  6:57  Siege Tank  
  57  7:05  SCV  
  57  7:06  SCV  
  57  7:07  Barracks x2  
  51  7:10  Barracks Tech Lab  
  51  7:18  Starport Reactor  
  51  7:19  SCV x2  
  51  7:22  Refinery x2  
  42  7:31  Marine, SCV x2, Stimpack  
  44  7:43  SCV  
  45  7:46  SCV  
  45  7:50  Barracks  
  42  7:52  Barracks  
  42  7:55  SCV  
  44  8:02  Marine x3, Siege Tank  
  44  8:04  Starport Reactor, SCV  
  50  8:07  Marine x2, SCV  
  50  8:08  Engineering Bay  
  53  8:16  SCV  
  53  8:19  Marine, SCV  
  55  8:20  Marine x2  
  55  8:25  Marine  
  55  8:26  Supply Depot  
  59  8:27  Marine  
  59  8:31  SCV  
  59  8:33  Terran Infantry Weapons Level 1  
  61  8:37  Marine  
  61  8:38  Barracks Reactor x2  
  61  8:42  Medivac x2  
  61  8:44  Siege Tank  
  68  8:48  Supply Depot  
  68  8:53  Supply Depot  
  68  8:55  Marine x3  
  70  8:56  Marine  
  70  9:01  Marine  
  73  9:11  Supply Depot  
  73  9:12  Medivac x2  
  73  9:13  Marine x2  
  73  9:14  Marine x3  
  73  9:15  Marine  
  83  9:17  Marine  
  83  9:18  Marine  
  85  9:28  Marine  
  85  9:31  Supply Depot  
  86  9:32  Combat Shields, Siege Tank  
  86  9:34  Marine x3  
  86  9:35  Marine  
  93  9:45  Marine  
  93  9:46  Marine x3  
  93  9:50  Marine  
  93  9:52  Marine, SCV x2  
  89  10:03  Medivac  
  89  10:04  Medivac  
  93  10:13  Marine x3  
  93  10:14  Marine x4  
  100  10:17  Marine x2  
  101  10:31  Marine x2, SCV x2  
  100  10:48  Marine x4  
  104  10:54  Marine x2  
  104  10:55  Marine x2  
  108  11:06  Medivac  
  108  11:09  Supply Depot  
  110  11:12  Supply Depot  
  110  11:23  Medivac  
  110  11:31  Siege Tank  
  113  11:37  Marine x3, Supply Depot  
  113  11:38  Marine x5  
  113  11:39  Supply Depot  
  120  11:58  Marine x5  
  120  11:59  Marine  
  126  12:02  Medivac x2  
  126  12:03  Marine x2  
  126  12:04  Marine  
  113  12:16  Marine  
Show
View Real Time Build Order
Export as new Build Order

PureLegacy Terran - Winner!

Build Orders: Cyclone Opening 

Get SALT Encoding   

  12  0:03  SCV  
  13  0:15  SCV  
  14  0:22  Supply Depot  
  14  0:27  SCV  
  15  0:44  SCV  
  15  0:45  Barracks  
  15  0:49  Refinery  
  16  0:56  Refinery, SCV  
  17  1:08  SCV  
  18  1:20  SCV  
  19  1:31  Supply Depot  
  19  1:32  Barracks Reactor  
  19  1:33  Orbital Command  
  19  1:46  Factory  
  18  2:02  SCV  
  19  2:11  Reaper  
  19  2:12  Reaper  
  19  2:14  SCV  
  22  2:15  Supply Depot  
  22  2:26  SCV  
  23  2:30  Cyclone  
  26  2:38  SCV  
  26  2:44  Reaper x2  
  29  2:50  SCV  
  30  3:03  Cyclone, SCV  
  34  3:20  Command Center  
  34  3:26  SCV  
  35  3:40  SCV  
  35  3:41  Cyclone  
  39  3:47  Supply Depot  
  37  4:03  Reaper x2  
  37  4:09  SCV  
  40  4:17  Factory Tech Lab  
  40  4:18  Command Center  
  40  4:21  Starport, SCV  
  39  4:33  SCV  
  40  4:38  Orbital Command  
  40  4:45  SCV  
  41  4:48  Factory  
  41  4:50  Siege Tank  
  44  5:00  SCV  
  45  5:07  Starport Reactor  
  45  5:12  SCV x2  
  47  5:24  SCV x2  
  44  5:37  Orbital Command, SCV  
  41  5:47  Siege Tank  
  41  5:48  Hellion x2  
  48  5:50  SCV  
  43  6:02  SCV  
  43  6:03  SCV  
  45  6:05  Refinery x2  
  49  6:11  Hellion x2  
  49  6:14  SCV  
  49  6:15  SCV  
  49  6:20  Viking  
  49  6:21  Engineering Bay  
  49  6:23  SCV  
  51  6:26  SCV  
  51  6:27  SCV  
  50  6:35  Viking, SCV  
  50  6:38  SCV  
  45  6:48  SCV  
  45  6:49  SCV  
  45  6:52  Viking  
  48  6:54  SCV  
  48  7:00  SCV  
  48  7:01  SCV  
  47  7:14  SCV  
  40  7:16  Hellion x2  
  31  7:30  SCV x3  
  31  7:42  SCV x3  
  35  7:51  Hellion x2  
  35  7:52  Hellion  
  35  7:54  SCV x3  
  40  8:02  Infernal Pre-Igniter  
  40  8:06  SCV x2  
  40  8:07  Factory  
  40  8:08  SCV  
  43  8:17  Siege Tank  
  43  8:18  SCV x2  
  48  8:20  SCV  
  49  8:30  SCV x2, Hellion  
  49  8:31  Hellion  
  49  8:33  SCV, Supply Depot  
  56  8:38  Medivac  
  58  8:42  SCV x2  
  58  8:48  SCV  
  61  8:51  Factory Tech Lab  
  61  8:53  Armory  
  61  8:54  SCV, Hellion  
  68  8:55  Hellion  
  68  8:58  SCV  
  68  8:59  Siege Tank  
  68  9:00  SCV  
  71  9:06  SCV  
  71  9:08  Supply Depot  
  71  9:09  Supply Depot  
  72  9:10  SCV  
  72  9:12  SCV  
  72  9:15  Siege Tank  
  77  9:18  Viking, SCV  
  80  9:28  Hellion x2  
  87  9:35  Supply Depot  
  84  9:40  Factory  
  84  9:44  Siege Tank  
  84  9:45  Viking  
  81  9:56  Hellion x2  
  81  9:57  Siege Tank  
  80  10:07  Terran Vehicle Weapons Level 1  
  80  10:11  Supply Depot  
  80  10:12  Viking  
  82  10:16  Hellion  
  82  10:18  Hellion x2  
  82  10:19  SCV  
  82  10:20  SCV x2  
  91  10:22  Viking  
  93  10:44  Siege Tank  
  93  10:48  Viking  
  98  10:52  Viking  
  98  10:54  SCV x3  
  103  11:07  Factory Tech Lab, Hellion x2  
  107  11:15  SCV x2  
  107  11:17  Hellion x2  
  113  11:18  Viking  
  113  11:20  Orbital Command  
  113  11:22  Viking  
  115  11:28  SCV x2, Hellion  
  117  11:36  Sensor Tower  
  117  11:37  Supply Depot  
  117  11:38  Supply Depot  
  117  11:41  Sensor Tower  
  117  11:52  SCV, Siege Tank  
  117  11:53  Hellion x2  
Tags
 
Add a new tag
Caveats
  • Supply blocks, unpowered buildings, or Contaminate may cause inaccurate times.
  • Supply counts are checked every 10 seconds.